[Event "Late-Titled-Tuesday-Blitz-May-28-2024"]
[Site "Chess.com"]
[Date "2024.05.28"]
[Round "1"]
[White "CristhianPortalR"]
[Black "Hikaru"]
[Result "0-1"]
[WhiteElo "2537"]
[BlackElo "3210"]
[TimeControl "180+1"]
[EndTime "14:05:02 PDT"]
[Termination "Hikaru won by resignation"]

1. e4 g6 2. d4 c6 3. c4 d6 4. Nc3 Bg7 5. g3 e5 6. Nge2 Bg4 7.
dxe5 Bf3 8. Rg1 dxe5 9. Qxd8+ Kxd8 10. Bg2 Bg4 11. h3 Be6 12. b3 Bf8 13. Bg5+ f6 14.
Be3 Nd7 15. O-O-O Kc7 16. f4 Ba3+ 17. Kc2 b6 18. g4 Bc5 19. Bxc5 Nxc5 20. Rgf1 Re8 21.
Rd2 a5 22. a3 a4 23. b4 Nb3 24. Rdd1 Bxc4 25. Rf2 b5 26. fxe5 fxe5 27. Ng1 Ne7 28. Nf3 Rhf8 29. Bh1 Nd4+ 30. Kb2 Rf4 31. g5 Ref8 32. Rfd2 Rxf3 33. Bxf3 Rxf3 34. h4 Nc8 35. h5 Bb3 36. Rh1 Nd6 37. hxg6 Nc4+ 38. Kc1 Rxc3+ 0-1

[Event "Late-Titled-Tuesday-Blitz-May-28-2024"]
[Site "Chess.com"]
[Date "2024.05.28"]
[Round "1"]
[White "alexrustemov"]
[Black "Supelyel"]
[Result "1-0"]
[WhiteElo "2847"]
[BlackElo "2462"]
[TimeControl "180+1"]
[EndTime "14:05:02 PDT"]
[Termination "alexrustemov won by resignation"]

1. d4 d6 2. e4 Nf6 3. f3 e5 4. Ne2 Be7 5. c4 O-O 6. Nbc3 Nbd7 7. Be3 c6 8. Qd2 a6 9. d5 cxd5 10. cxd5 b5 11. Ng3 Nb6 12. b3 Bd7 13. Be2 Qb8 14. O-O Re8 15. Rfc1 Bd8 16. a4 b4 17. Nd1 a5 18.
Nb2 Qb7 19. Rc2 Rc8 20. Rac1 Rxc2 21. Qxc2 g6 22. Bb5 h5 23. Bxd7 Nfxd7 24. Qc6 Qb8 25. Nf1 Be7 26. Qb5 Qa7 27. Rc6 Rb8 28. Nc4 Bd8 29.
Nxd6 Qa8 30. Qd3 Be7 31. Nc4 Nxc4 32. Qxc4 Qb7 33. Rc7 1-0

[Event "Late-Titled-Tuesday-Blitz-May-28-2024"]
[Site "Chess.com"]
[Date "2024.05.28"]
[Round "1"]
[White "m_ezat"]
[Black "larsmandreassen"]
[Result "1-0"]
[WhiteElo "2576"]
[BlackElo "2231"]
[TimeControl "180+1"]
[EndTime "14:05:03 PDT"]
[Termination "m_ezat won by resignation"]

1. d4 d5 2. c4 e6 3. Nc3 c5 4. cxd5 cxd4 5. Qxd4 Nc6 6. Qd1 exd5 7. Qxd5 Bd7 8. Nf3 Nf6 9. Qd1 Bc5 10. e3 Qe7 11. Be2 Rg8 12. O-O g5 13. Nd4 O-O-O 14. b4 Bxb4 15. Qb3 Nxd4 16. exd4 Kb8 17. Bc4 Bxc3 18. Qxc3 Rc8 19. Qb3 Rg7 20. Ba3 Qe4 21. Bd6+ Ka8 22. Be5 Bc6 23. f3 Qf5 24. Bd3 1-0

[Event "Late-Titled-Tuesday-Blitz-May-28-2024"]
[Site "Chess.com"]
[Date "2024.05.28"]
[Round "1"]
[White "NMJeevanK"]
[Black "pirulillo"]
[Result "1-0"]
[WhiteElo "2678"]
[BlackElo "2396"]
[TimeControl "180+1"]
[EndTime "14:05:05 PDT"]
[Termination "NMJeevanK won by resignation"]

1. e4 c5 2. Nf3 e6 3. Nc3 Nc6 4. Bb5 Nd4 5. O-O Nxb5 6. Nxb5 a6 7. Nc3 Qc7 8. d4 cxd4 9. Qxd4 d6 10. Rd1 Nf6 11.
Bg5 Be7 12. e5 dxe5 13. Nxe5 O-O 14. Bf4 Qc5 15. Qd3 Rd8 16. Qxd8+ Bxd8 17. Rxd8+ Qf8 18. Rxf8+ Kxf8 19. Rd1 Ke8 20. g4 Nd7 21. g5 f6 22.
Nxd7 Bxd7 23. gxf6 gxf6 24. Ne4 Bc6 25. Nxf6+ Kf7 26. Nxh7 e5 27. Ng5+ Kf6 28. Be3 Rg8 29. h4 Rh8 30. Kh2 Rxh4+ 31. Kg3 Ra4 32. a3 Kf5 33. f3 Rf4 34. Bxf4 exf4+ 35. Kh4 1-0

[Event "Late-Titled-Tuesday-Blitz-May-28-2024"]
[Site "Chess.com"]
[Date "2024.05.28"]
[Round "1"]
[White "becemix"]
[Black "YellowJacek"]
[Result "0-1"]
[WhiteElo "2618"]
[BlackElo "2367"]
[TimeControl "180+1"]
[EndTime "14:05:05 PDT"]
[Termination "YellowJacek won by resignation"]

1. e4 c5 2. c3 d5 3. exd5 Nf6 4. d4 cxd4 5. cxd4 Nxd5 6. Nc3 Nxc3 7. bxc3 Qc7 8. Bd2 Bf5 9. Qf3 e6 10. Bb5+ Nd7 11. Ne2 Bd6 12. Ng3 Bg6 13. Ne4 Bxe4 14. Qxe4 O-O 15. Bd3 Nf6 16. Qh4 Be7 17. O-O g6 18.
Qh3 a6 19. a4 Nd5 20. Be4 Rfd8 21. Rac1 Qc4 22. Bc2 Rac8 23. a5 Nxc3 24. Bxc3 Qxc3 25.
Bxg6 Qxh3 0-1

[Event "Late-Titled-Tuesday-Blitz-May-28-2024"]
[Site "Chess.com"]
[Date "2024.05.28"]
[Round "1"]
[White "sofaceindisguise"]
[Black "AsaHoffmann"]
[Result "1-0"]
[WhiteElo "2629"]
[BlackElo "2346"]
[TimeControl "180+1"]
[EndTime "14:05:07 PDT"]
[Termination "sofaceindisguise won by resignation"]

1. Nf3 d6 2. g3 c6 3. Bg2 e5 4. O-O Nf6 5. c4 Be7 6. Nc3 Be6 7. d3 h6 8. Rb1 Qd7 9. b4 Bh3 10. b5 Bxg2 11. Kxg2 O-O 12. a4 Re8 13. e4 Bf8 14. Be3 d5 15. exd5 cxd5 16. cxd5 Nxd5 17. Nxd5 Qxd5 18. Qb3 Qxb3 19. Rxb3 Nd7 20. Nd2 Bc5 21. Rc1 b6 22. Ne4 Bxe3 23. fxe3 Rad8 24. Rc7 Nf8 25. Rxa7 f5 26. Nd2 Ne6 27. Rc3 Nc5 28. Nc4 Re6 29. Nxb6 Nxd3 30. Rc8 Rxc8 31. Nxc8 f4 32.
exf4 exf4 33. gxf4 Nxf4+ 34. Kf3 g5 35. b6 Rc6 36. Ne7+ 1-0

[Event "Late-Titled-Tuesday-Blitz-May-28-2024"]
[Site "Chess.com"]
[Date "2024.05.28"]
[Round "1"]
[White "Pig-filth"]
[Black "RobertJFischer71"]
[Result "0-1"]
[WhiteElo "2376"]
[BlackElo "2662"]
[TimeControl "180+1"]
[EndTime "14:05:08 PDT"]
[Termination "RobertJFischer71 won by resignation"]

1. d4 d5 2. Bg5 f6 3. Bd2 c5 4. e4 cxd4 5. exd5 Qxd5 6. Nf3 Nc6 7. c4 Qe4+ 8. Qe2 Qxe2+ 9. Bxe2 e5 10. Bd3 f5 11. Bc2 e4 12. Ng5 Nb4 13. Ba4+ Bd7 14.
Bxd7+ Kxd7 15. Bxb4 Bxb4+ 16. Ke2 Nf6 17. a3 d3+ 18. Kd1 Bc5 19. Nh3 h6 20. Nc3 g5 21.
Rf1 Bd4 22. Kd2 Rac8 23. b3 Ke6 24. Rac1 Bxc3+ 25. Rxc3 Ke5 26. f4+ gxf4 27. Nxf4 Rhg8 28. g3 Rcd8 29. c5 Ng4 30. h3 Nh2 31. Rf2 Rxg3 0-1

[Event "Late-Titled-Tuesday-Blitz-May-28-2024"]
[Site "Chess.com"]
[Date "2024.05.28"]
[Round "1"]
[White "TheDiscoOne"]
[Black "lachesisQ"]
[Result "0-1"]
[WhiteElo "2531"]
[BlackElo "3070"]
[TimeControl "180+1"]
[EndTime "14:05:13 PDT"]
[Termination "lachesisQ won by resignation"]

1. c4 e5 2. g3 h5 3. h4 Nc6 4. Bg2 Bc5 5. Nc3 d6 6. d3 Bg4 7. Nf3 Nge7 8. a3 a5 9. Bg5 Qd7 10. Ne4 O-O 11. O-O Ba7 12. Rb1 a4 13. Nc3 Nf5 14.
Kh2 Ncd4 15. Qxa4 Qxa4 16. Nxa4 Nxe2 17. Nc3 Nxc3 18. bxc3 Bb6 19. Rb3 Ra7 20. Nd2 Be2 21. Rfb1 Bxd3 22. R1b2 Bxf2 23. Nf3 Bxg3+ 24. Kh1 b6 25.
Bd2 Bxc4 0-1

[Event "Late-Titled-Tuesday-Blitz-May-28-2024"]
[Site "Chess.com"]
[Date "2024.05.28"]
[Round "1"]
[White "CarlosjPineror"]
[Black "Dzidzik2203"]
[Result "1-0"]
[WhiteElo "2774"]
[BlackElo "2442"]
[TimeControl "180+1"]
[EndTime "14:05:13 PDT"]
[Termination "CarlosjPineror won by resignation"]

1. e4 c5 2. Nf3 d6 3. d4 cxd4 4. Nxd4 Nf6 5. Nc3 a6 6. Bg5 e6 7.
f4 Be7 8. Qe2 h6 9. Bh4 Nxe4 10.
Bxe7 Nxc3 11. Qc4 Kxe7 12. Qxc3 Nc6 13. Nxc6+ bxc6 14. Qxg7 Rb8 15. O-O-O Rg8 16. Qxh6 Qa5 17. Qh4+ Kd7 18. Bc4 d5 19. Bb3 Qb6 20. g3 a5 21.
a4 Ba6 22. Qf6 Rgf8 23. Rhe1 Bc4 24. Bxc4 1-0

[Event "Late-Titled-Tuesday-Blitz-May-28-2024"]
[Site "Chess.com"]
[Date "2024.05.28"]
[Round "1"]
[White "Ramosha"]
[Black "Alina_Gumerovna"]
[Result "1-0"]
[WhiteElo "2563"]
[BlackElo "2178"]
[TimeControl "180+1"]
[EndTime "14:05:13 PDT"]
[Termination "Ramosha won on time"]

1. e4 e5 2. Nf3 Nf6 3. Nxe5 d6 4. Nf3 Nxe4 5. Nc3 Nxc3 6. dxc3 Be7 7. Bf4 Nd7 8. Bc4 O-O 9. Qd2 Nb6 10. Bd3 c5 11.
O-O-O Be6 12. a3 Nd5 13. Bg3 Qa5 14. c4 Qxd2+ 15. Rxd2 Nb6 16. b3 a5 17. a4 Rad8 18. Re1 Bf6 19. Ree2 Bg4 20. Be4 Bxf3 21. gxf3 Bd4 22.
Bxb7 Rfe8 23. Be4 g6 24. Bc6 Re6 25. Rxe6 fxe6 26. c3 Bxc3 27. Rxd6 Rxd6 28. Bxd6 Bd4 29. Bc7 Nc8 30. Bxa5 Bxf2 31. Bc7 Ne7 32. Be4 Bd4 33.
a5 1-0

[Event "Late-Titled-Tuesday-Blitz-May-28-2024"]
[Site "Chess.com"]
[Date "2024.05.28"]
[Round "1"]
[White "lcmil"]
[Black "GothamChess"]
[Result "0-1"]
[WhiteElo "2456"]
[BlackElo "2804"]
[TimeControl "180+1"]
[EndTime "14:05:16 PDT"]
[Termination "GothamChess won by resignation"]

1. e4 d5 2. exd5 Qxd5 3. Nc3 Qa5 4. d4 Nf6 5. Nf3 Bf5 6. Ne5 c6 7. Bc4 e6 8. Qe2 Nbd7 9. Bb3 Bb4 10. Bd2 O-O 11.
g4 Bg6 12. h4 Nxe5 13. dxe5 Nd5 14. Nxd5 Bxd2+ 15. Qxd2 Qxd2+ 16. Kxd2 cxd5 17. h5 Be4 18. Rh3 h6 19. c3 f6 20. exf6 Rxf6 21. Ke3 Raf8 22.
Rf1 Bg2 0-1

[Event "Late-Titled-Tuesday-Blitz-May-28-2024"]
[Site "Chess.com"]
[Date "2024.05.28"]
[Round "1"]
[White "lamomiajunior"]
[Black "David_ATM"]
[Result "1-0"]
[WhiteElo "2747"]
[BlackElo "2424"]
[TimeControl "180+1"]
[EndTime "14:05:17 PDT"]
[Termination "lamomiajunior won by resignation"]

1. e4 e5 2. Nf3 Nc6 3. Bc4 Bc5 4. c3 Nf6 5. d3 d6 6. Bg5 a6 7. Nbd2 h6 8. Bh4 Ba7 9. a4 g5 10. Bg3 Bg4 11. Qc2 Qd7 12. b4 Ne7 13. O-O Ng6 14. Kh1 O-O 15. Bb3 Be6 16. Nc4 Nh5 17.
Rad1 Kg7 18. d4 Bxc4 19. Bxc4 Qe7 20. b5 axb5 21. axb5 Bb6 22. Bd5 Ra7 23. dxe5 dxe5 24. Nd2 Nhf4 25. Nc4 Bc5 26. Ne3 Bxe3 27. fxe3 Nxd5 28.
exd5 e4 29. d6 Qe6 30. dxc7 Rc8 31. c4 b6 32. Qc3+ f6 33. Rd6 Qe7 34. Rdxf6 Kh7 35. Rf7+ 1-0

[Event "Late-Titled-Tuesday-Blitz-May-28-2024"]
[Site "Chess.com"]
[Date "2024.05.28"]
[Round "1"]
[White "ploxoi"]
[Black "only_strong_moves"]
[Result "0-1"]
[WhiteElo "2411"]
[BlackElo "2711"]
[TimeControl "180+1"]
[EndTime "14:05:21 PDT"]
[Termination "only_strong_moves won by resignation"]

1. d4 Nf6 2. c4 e6 3. Nf3 d5 4.
g3 Be7 5. Bg2 O-O 6. O-O dxc4 7.
Qc2 a6 8. a4 Bd7 9. Rd1 Bc6 10.
Nc3 Bxf3 11. Bxf3 Nc6 12. Bxc6 bxc6 13. a5 Rb8 14. Ra4 Rb4 15. Rxb4 Bxb4 16. e4 Bxa5 17. Bg5 Bxc3 18. bxc3 h6 19. Bxf6 Qxf6 20. Qa4 Qf3 21. Re1 Qxc3 22. Re3 Qxd4 23. Qxc6 Rb8 24. Qxc7 Rb5 25. Qc8+ Kh7 26. Qxa6 Rb1+ 27. Kg2 Rb3 28. Re1 Rb2 29. Rf1 Qxe4+ 30. Kg1 Rb1 31. Qa2 Rxf1+ 32. Kxf1 c3 0-1

[Event "Late-Titled-Tuesday-Blitz-May-28-2024"]
[Site "Chess.com"]
[Date "2024.05.28"]
[Round "1"]
[White "almaguerjm"]
[Black "The_Machine04"]
[Result "0-1"]
[WhiteElo "2458"]
[BlackElo "2818"]
[TimeControl "180+1"]
[EndTime "14:05:26 PDT"]
[Termination "The_Machine04 won by resignation"]

1. e4 d6 2. Nf3 Nf6 3. d3 e5 4.
g3 c5 5. Bg2 Nc6 6. Nbd2 Be6 7.
a4 Be7 8. O-O O-O 9. h3 d5 10.
Ng5 Bc8 11. exd5 Nxd5 12. Ngf3 Be6 13. Re1 f6 14. Ne4 Qd7 15. Kh2 Rac8 16. c3 Rfd8 17. Qc2 Bf8 18. Bd2 Nde7 19. Rad1 b6 20. Bc1 Nf5 21. Bf1 Na5 22. Nfd2 Qf7 23. Re2 Rd7 24. Rde1 Rcd8 25. Nc4 Nxc4 26. dxc4 Bxc4 27. Rd2 Bxf1 28.
Rxd7 Qxd7 29. Rxf1 Qd3 30. Qxd3 Rxd3 31. Kg2 Nd6 32. Nxd6 Bxd6 33. Re1 Kf7 34. Be3 Ke6 35. Kf3 f5 36. Ke2 c4 37. Ra1 f4 38. gxf4 exf4 39. Bd4 f3+ 40. Ke1 Be5 41. Bxe5 Kxe5 42. a5 b5 43. a6 Kd5 44. Rd1 Rxd1+ 45. Kxd1 Ke4 46. Kd2 g5 0-1

[Event "Late-Titled-Tuesday-Blitz-May-28-2024"]
[Site "Chess.com"]
[Date "2024.05.28"]
[Round "1"]
[White "MrEscacs"]
[Black "ahkashefi2800"]
[Result "0-1"]
[WhiteElo "2177"]
[BlackElo "2562"]
[TimeControl "180+1"]
[EndTime "14:05:26 PDT"]
[Termination "ahkashefi2800 won by resignation"]

1. e4 c6 2. d4 d5 3. Nc3 dxe4 4. Nxe4 Nf6 5. Nxf6+ exf6 6. c3 Be7 7. Bd3 O-O 8. Qc2 g6 9. Ne2 Nd7 10. h4 f5 11. h5 Re8 12. hxg6 hxg6 13. Be3 Qa5 14. a3 Nf8 15. O-O-O Bf6 16. g4 fxg4 17. Nf4 Bf5 18. Rdg1 Bxd3 19. Qxd3 Qf5 20. Qd1 Ne6 21. Qxg4 Qxg4 22. Rxg4 Nxf4 23. Rxf4 Bg5 24. Rf3 Bxe3+ 25.
fxe3 Kg7 26. Rfh3 Rh8 27. Kd2 Rxh3 28. Rxh3 f5 29. Kd3 Re8 30. Rh4 Re7 31. c4 Kf6 32.
d5 cxd5 33. cxd5 Ke5 34. Kc4 Rc7+ 35. Kb5 Kxd5 36. Rd4+ Ke5 37. Rd8 Re7 38. Rg8 Kf6 39. b4 g5 0-1

[Event "Late-Titled-Tuesday-Blitz-May-28-2024"]
[Site "Chess.com"]
[Date "2024.05.28"]
[Round "1"]
[White "Cambek64"]
[Black "TigrVShlyape"]
[Result "0-1"]
[WhiteElo "2500"]
[BlackElo "2919"]
[TimeControl "180+1"]
[EndTime "14:05:29 PDT"]
[Termination "TigrVShlyape won by resignation"]

1. d4 f5 2. g3 Nf6 3. Bg2 g6 4. c3 Bg7 5. Nf3 O-O 6. Qb3+ e6 7. Bg5 Nc6 8. Nbd2 h6 9. Bxf6 Qxf6 10. e4 fxe4 11. Nxe4 Qf7 12. h4 d5 13. Nc5 b6 14.
Nd3 Ba6 15. O-O-O Bxd3 16. Rxd3 Na5 17. Qc2 c5 18. Kb1 Nc6 19. dxc5 bxc5 20. Re1 Rab8 21. Re2 Rb6 22. Bh3 Re8 23. Rde3 e5 24. Qa4 c4 25.
Rd2 e4 26. Nd4 Nxd4 27. cxd4 Reb8 28. Ra3 a6 29. Qa5 Bf8 30. Re3 Bb4 0-1

[Event "Late-Titled-Tuesday-Blitz-May-28-2024"]
[Site "Chess.com"]
[Date "2024.05.28"]
[Round "1"]
[White "EsmeraldasAnderson03"]
[Black "stollenmonster"]
[Result "0-1"]
[WhiteElo "2468"]
[BlackElo "2853"]
[TimeControl "180+1"]
[EndTime "14:05:29 PDT"]
[Termination "stollenmonster won by resignation"]

1. d4 Nf6 2. c4 e6 3. Nc3 d5 4.
cxd5 Nxd5 5. e4 Nxc3 6. bxc3 b6 7. Bd3 Bb7 8. Ne2 Nd7 9. O-O Be7 10. Be3 c5 11.
Ng3 O-O 12. e5 Re8 13. Qg4 Nxe5 14. Bxh7+ Kxh7 15. dxe5 Qd3 16. Nh5 Qg6 17. Qh3 Kg8 18.
Ng3 Red8 19. Rad1 Bd5 20. a4 Bb3 21. Rxd8+ Rxd8 22. Ne2 Bxa4 23. Nf4 Qh7 24. Qg4 Bc6 25.
Nxe6 Bd7 26. Rd1 Bxe6 27. Rxd8+ Bxd8 28. Qf3 Qb1+ 0-1

[Event "Late-Titled-Tuesday-Blitz-May-28-2024"]
[Site "Chess.com"]
[Date "2024.05.28"]
[Round "1"]
[White "simaopdias"]
[Black "tusplingher"]
[Result "1-0"]
[WhiteElo "2266"]
[BlackElo "2564"]
[TimeControl "180+1"]
[EndTime "14:05:29 PDT"]
[Termination "simaopdias won by resignation"]

1. e4 d5 2. exd5 Nf6 3. c4 e6 4. dxe6 Bxe6 5. d4 Bb4+ 6. Nc3 O-O 7. Be2 Re8 8. Be3 Ne4 9. Rc1 Nxc3 10. bxc3 Ba3 11.
Rb1 Bf5 12. Rb3 Bd6 13. Nf3 Be4 14. O-O Nc6 15. Nd2 Bg6 16. Rxb7 Re7 17. Bf3 Qe8 18. c5 Rxe3 19. cxd6 Rxc3 20. Rxc7 Nxd4 21. Rxc3 Rd8 22. Re1 Qd7 23. Nc4 Nb5 24. Rce3 Qc8 25. d7 1-0

[Event "Late-Titled-Tuesday-Blitz-May-28-2024"]
[Site "Chess.com"]
[Date "2024.05.28"]
[Round "1"]
[White "jamengrand"]
[Black "secretworker2027"]
[Result "0-1"]
[WhiteElo "2330"]
[BlackElo "2615"]
[TimeControl "180+1"]
[EndTime "14:05:30 PDT"]
[Termination "secretworker2027 won by resignation"]

1. e4 c5 2. Nf3 d6 3. d4 cxd4 4. Nxd4 Nc6 5. c4 e5 6. Nc2 Nf6 7. Nc3 g6 8. Be2 Bg7 9. Be3 O-O 10. h4 h5 11. Bg5 Be6 12. Nd5 Bxd5 13. cxd5 Ne7 14.
Qd3 Rc8 15. O-O Qb6 16. Rab1 Rfe8 17. Ne3 Qd4 18. f3 Nh7 19. Bxe7 Rxe7 20. Qxd4 exd4 21. Nc4 Rd7 22. Bd3 Bh6 23. Kf2 Nf6 24. Ke2 Bf4 25. Rh1 Rdc7 26. b3 b5 27. Na5 Rc3 28. Nc6 Re8 29.
Rh3 Nxd5 30. g3 Bxg3 31. Rxg3 Nf4+ 32. Kd2 Rxd3+ 33. Kc2 Rc3+ 34. Kd2 Rxc6 0-1

[Event "Late-Titled-Tuesday-Blitz-May-28-2024"]
[Site "Chess.com"]
[Date "2024.05.28"]
[Round "1"]
[White "tgpgoat"]
[Black "SantoBlue"]
[Result "0-1"]
[WhiteElo "2516"]
[BlackElo "2980"]
[TimeControl "180+1"]
[EndTime "14:05:31 PDT"]
[Termination "SantoBlue won by resignation"]

1. Nf3 Nf6 2. g3 b6 3. Bg2 Bb7 4.
O-O g6 5. c4 Bg7 6. Nc3 O-O 7.
d4 Ne4 8. Qc2 Nxc3 9. Qxc3 c5 10. Be3 Nc6 11. Qd2 d6 12. Rfd1 Na5 13. b3 Qc7 14. Bh6 e5 15. Bxg7 Kxg7 16. dxe5 dxe5 17. Qc3 f6 18. h4 Rad8 19. e3 Be4 20. Ng5 Bf5 21. Ne4 Nc6 22. Qb2 Ne7 23. Nc3 Bg4 24. Rxd8 Rxd8 25. Nd5 Nxd5 26. Bxd5 Qc8 27. Rc1 Qf5 28.
e4 Qh5 29. Qc3 g5 30. hxg5 Bf3 31. gxf6+ Kxf6 0-1

[Event "Late-Titled-Tuesday-Blitz-May-28-2024"]
[Site "Chess.com"]
[Date "2024.05.28"]
[Round "1"]
[White "DeTimmerman"]
[Black "TheLonePika"]
[Result "1-0"]
[WhiteElo "2749"]
[BlackElo "2426"]
[TimeControl "180+1"]
[EndTime "14:05:33 PDT"]
[Termination "DeTimmerman won by resignation"]

1. b4 e5 2. Bb2 Bxb4 3. Bxe5 Nf6 4. Nc3 Nc6 5. Bxf6 Qxf6 6. Nd5 Qd8 7. c4 O-O 8. Nf3 Re8 9. e3 Bf8 10. Be2 g6 11.
O-O Bg7 12. d4 d6 13. Rb1 Ne7 14. Nf4 c6 15. Qb3 a5 16. a4 Rb8 17. Qb6 Bf5 18. Bd3 Bg4 19. Qxd8 Rexd8 20. Rb6 Bxf3 21. gxf3 Nc8 22.
Rb3 b6 23. Rfb1 c5 24. dxc5 dxc5 25. Nd5 Rd6 26. f4 f5 27. Be2 Kf7 28. Bf3 Bf6 29.
Bg2 Bd8 30. Rb5 Ra8 31. Nxb6 Nxb6 32. Bxa8 Nxa8 33. Rxc5 Nb6 34. Rxa5 Nxc4 35. Ra7+ Ke6 36. Rc1 Na5 37. Rxh7 Bb6 38. h4 Nb3 39. Rb1 Rd3 40. h5 gxh5 41. Rh6+ Kd5 42. Rxb6 h4 43. R6xb3 1-0

[Event "Late-Titled-Tuesday-Blitz-May-28-2024"]
[Site "Chess.com"]
[Date "2024.05.28"]
[Round "1"]
[White "Alphafischer2019"]
[Black "jaramsdal"]
[Result "1-0"]
[WhiteElo "2663"]
[BlackElo "2377"]
[TimeControl "180+1"]
[EndTime "14:05:34 PDT"]
[Termination "Alphafischer2019 won by checkmate"]

1. Nf3 Nf6 2. g3 d5 3. Bg2 Bg4 4. O-O c6 5. h3 Bh5 6. d4 e6 7. c4 Nbd7 8. Nc3 Be7 9. cxd5 exd5 10. Ne5 O-O 11. Bf4 Qb6 12. Qd2 Bg6 13. Nxg6 hxg6 14. h4 Rfe8 15. Bf3 Nf8 16. Kg2 Ne6 17. Be3 Rad8 18.
Rh1 c5 19. Na4 Qb5 20. Nxc5 Nxc5 21. dxc5 d4 22. Bg5 Bxc5 23. Bxf6 gxf6 24. h5 g5 25. h6 Bb4 26. Qc2 d3 27. exd3 Qxd3 28. Qxd3 Rxd3 29. Rad1 Red8 30. Rxd3 Rxd3 31. Rc1 f5 32. g4 Rd2 33. gxf5 b6 34. f6 Kh7 35. Be4+ Kg8 36. Rc8+ Bf8 37. h7+ Kh8 38. Rxf8# 1-0

[Event "Late-Titled-Tuesday-Blitz-May-28-2024"]
[Site "Chess.com"]
[Date "2024.05.28"]
[Round "1"]
[White "2L8IWUN"]
[Black "korkmaz16"]
[Result "0-1"]
[WhiteElo "2173"]
[BlackElo "2561"]
[TimeControl "180+1"]
[EndTime "14:05:34 PDT"]
[Termination "korkmaz16 won by resignation"]

1. d4 d5 2. Nf3 Nf6 3. Bf4 c5 4. e3 Nc6 5. Nbd2 Qb6 6. dxc5 Qxb2 7. Rb1 Qc3 8. Bb5 g6 9. O-O Qxc5 10. c4 dxc4 11.
Nxc4 Bg7 12. Qe2 O-O 13. Rfc1 Nd5 14. Nce5 Nc3 15. Qd2 Nxe5 16. Bxe5 Bxe5 17. Nxe5 Nxb1 18. Rxc5 Nxd2 19. Bd3 Bf5 0-1

[Event "Late-Titled-Tuesday-Blitz-May-28-2024"]
[Site "Chess.com"]
[Date "2024.05.28"]
[Round "1"]
[White "kinga2008"]
[Black "Meri-Arabidze"]
[Result "0-1"]
[WhiteElo "2401"]
[BlackElo "2696"]
[TimeControl "180+1"]
[EndTime "14:05:35 PDT"]
[Termination "Meri-Arabidze won by resignation"]

1. e4 c5 2. Nf3 e6 3. c3 Nf6 4. e5 Nd5 5. d4 cxd4 6. cxd4 b6 7.
Nc3 Nxc3 8. bxc3 Bb7 9. Bd3 d6 10.
O-O Be7 11. Bf4 dxe5 12. Bb5+ Bc6 13. Qa4 Qd7 14. Bxc6 Qxc6 15. Qxc6+ Nxc6 16. Nxe5 Rc8 17. Rac1 Nxe5 18. Bxe5 f6 19. Bg3 Rc4 20. Rc2 Kd7 21. Rfc1 Rhc8 22. f3 Ba3 23. Rd1 Rxc3 24. Rcd2 Rc1 25. d5 Rxd1+ 26. Rxd1 e5 27. f4 Bd6 28. fxe5 Bxe5 29. Bxe5 fxe5 30. Rf1 Kd6 31. Rf7 Rc7 32. Rf8 Kxd5 33. Kf2 Ke4 34. Rg8 g6 35. Rh8 a5 36.
Rb8 Rc2+ 37. Kg3 Rxa2 38. Rxb6 Ra3+ 39. Kg4 a4 40. Rb7 Ra2 41. Rxh7 Rxg2+ 42. Kh3 Ra2 43. Kg4 a3 44. Kg5 Rg2+ 45. Kf6 a2 46. Ra7 Kf4 47. h4 e4 48. Ra4 Kf3 49. h5 gxh5 0-1

[Event "Late-Titled-Tuesday-Blitz-May-28-2024"]
[Site "Chess.com"]
[Date "2024.05.28"]
[Round "1"]
[White "PNEPaul"]
[Black "rdarruda"]
[Result "0-1"]
[WhiteElo "1903"]
[BlackElo "2541"]
[TimeControl "180+1"]
[EndTime "14:05:36 PDT"]
[Termination "rdarruda won by resignation"]

1. e4 c5 2. Nf3 Nc6 3. d4 cxd4 4. c3 dxc3 5. Nxc3 e6 6. Bf4 Bb4 7. Bd3 Nge7 8. e5 d5 9. a3 Ba5 10. b4 Bc7 11. Qe2 O-O 12. Bxh7+ Kxh7 13. Ng5+ Kg6 14. h4 Nxe5 15. h5+ Kf5 16. Bxe5 Bxe5 17. g4+ Kxg5 18. Qxe5+ Kh6 19. g5+ Kh7 20. g6+ Kg8 21. gxf7+ Rxf7 22. h6 Nc6 23. Qg3 Qf6 24. h7+ Kh8 25. O-O-O Qf4+ 26. Qxf4 Rxf4 27. Nb5 Bd7 28. Nd6 Raf8 29. Nxb7 Rxf2 30. Nc5 Bc8 31. Nd3 Ra2 32. Rhf1 Rxf1 33. Rxf1 Ra1+ 0-1

[Event "Late-Titled-Tuesday-Blitz-May-28-2024"]
[Site "Chess.com"]
[Date "2024.05.28"]
[Round "1"]
[White "nrvisakh"]
[Black "atalz0"]
[Result "1-0"]
[WhiteElo "2918"]
[BlackElo "2499"]
[TimeControl "180+1"]
[EndTime "14:05:38 PDT"]
[Termination "nrvisakh won by checkmate"]

1. Nf3 Nf6 2. c4 e6 3. e3 d5 4.
d4 Be7 5. Nc3 O-O 6. Be2 dxc4 7.
O-O a6 8. a4 b6 9. Bxc4 Bb7 10.
Qe2 Nbd7 11. e4 Re8 12. Rd1 c6 13. Bg5 h6 14. Bh4 Nh5 15. Bxe7 Qxe7 16. g3 Nhf6 17.
e5 Nd5 18. Ne4 b5 19. Bxd5 exd5 20. Nc3 f6 21. Re1 fxe5 22. dxe5 b4 23. Na2 c5 24. Nc1 d4 25. b3 Bxf3 26. Qxf3 Nxe5 27. Qd5+ Kh8 28.
Nd3 Rad8 29. Qxe5 Qf7 30. Qxc5 Rxe1+ 31. Rxe1 Qxb3 32. Nxb4 Qxa4 33. Qb6 Qd7 34. Nc6 Rc8 35. Nxd4 Rf8 36. Ne6 Re8 37. Re3 a5 38. Qd4 Qc6 39.
Qxg7# 1-0

[Event "Late-Titled-Tuesday-Blitz-May-28-2024"]
[Site "Chess.com"]
[Date "2024.05.28"]
[Round "1"]
[White "joksijoksi"]
[Black "Msb2"]
[Result "0-1"]
[WhiteElo "2524"]
[BlackElo "3029"]
[TimeControl "180+1"]
[EndTime "14:05:40 PDT"]
[Termination "Msb2 won by resignation"]

1. d4 d5 2. c4 e6 3. Nc3 Bb4 4. Nf3 Nf6 5. Bg5 h6 6. Bxf6 Qxf6 7. e3 c5 8. cxd5 exd5 9. Qb3 O-O 10. Be2 Bxc3+ 11.
Qxc3 c4 12. b3 Be6 13. bxc4 dxc4 14. O-O Rc8 15. Rfc1 Nd7 16. Rab1 Rab8 17. a4 Nb6 18. a5 Nd5 19. Qa3 c3 20. Ne5 b6 21. axb6 axb6 22. Bf3 Qg5 23. Rb5 Ra8 24. Qd6 Nxe3 25. Bxa8 Nc4 26.
Nd3 Qxc1+ 27. Nxc1 Nxd6 28. Rxb6 Rxa8 29. Rxd6 Ra1 0-1

[Event "Late-Titled-Tuesday-Blitz-May-28-2024"]
[Site "Chess.com"]
[Date "2024.05.28"]
[Round "1"]
[White "AGW2016"]
[Black "rezamahdavi2008"]
[Result "0-1"]
[WhiteElo "2518"]
[BlackElo "3002"]
[TimeControl "180+1"]
[EndTime "14:05:41 PDT"]
[Termination "rezamahdavi2008 won by resignation"]

1. d4 d5 2. c4 dxc4 3. e3 Nf6 4. Bxc4 e6 5. Nf3 c5 6. O-O Nc6 7. Nc3 a6 8. a3 b5 9. Ba2 Bb7 10. d5 exd5 11. Nxd5 Nxd5 12. Bxd5 Be7 13. e4 O-O 14. Be3 Rc8 15. Rc1 Na5 16. Bxb7 Nxb7 17. Qe2 Re8 18. Rfd1 Qb6 19. Nd2 Qe6 20. f3 c4 21. Nb1 Nc5 22.
Bxc5 Bxc5+ 23. Kh1 Rcd8 24. Nc3 Bd4 25. Rc2 Rd7 26. Rcd2 Red8 27. Nd5 Bc5 28. Nf4 Qc6 29. Nd5 h6 30. f4 f5 31. Qf3 fxe4 32. Qxe4 Kh8 33.
h3 a5 34. Kh2 b4 35. axb4 axb4 36. Nf6 Qxe4 37. Nxe4 Rxd2 38. Rxd2 Rxd2 39. Nxd2 c3 40.
bxc3 bxc3 41. Nb3 c2 42. g4 Bd6 43. Kg3 g5 44. Kf3 Bxf4 0-1

[Event "Late-Titled-Tuesday-Blitz-May-28-2024"]
[Site "Chess.com"]
[Date "2024.05.28"]
[Round "1"]
[White "rhungaski"]
[Black "RebecaJimnz"]
[Result "1-0"]
[WhiteElo "2601"]
[BlackElo "2285"]
[TimeControl "180+1"]
[EndTime "14:05:43 PDT"]
[Termination "rhungaski won by checkmate"]

1. b3 e5 2. Bb2 Nc6 3. c4 d6 4. e3 g6 5. Nc3 Bg7 6. Nf3 Nge7 7. d4 exd4 8. exd4 d5 9. Ne2 O-O 10. h3 Re8 11. g4 Bd7 12. Bg2 a5 13. Qd2 Nb4 14. a3 Na6 15. Qxa5 dxc4 16. bxc4 Nc6 17. Qd2 Qe7 18. Kf1 Bh6 19. Qc2 Na5 20. Re1 Qd6 21. Qc3 b6 22. d5 Nb7 23. Qh8# 1-0